 Dungeon Crawl Stone Soup version 0.31-a0-4-gefa6de2278 (webtiles) character file.

Game seed: 6223297801229970557

70 lunkers the Gusty (level 4, 0/33 HPs)
             Began as a Meteoran Air Elementalist on May 3, 2023.
             Shot with an arrow by a centaur (1 damage)
             ... on level 4 of the Dungeon.
             The game lasted 00:03:31 (1355 turns).

lunkers the Gusty (Meteoran Air Elementalist)       Turns: 1355, Time: 00:03:32

Health: 0/33       AC:  2    Str: 16    XL:     4   Next: 72%
Magic:  6/10       EV: 12    Int: 18    God:
Gold:   95         SH:  0    Dex: 14    Spells: 3/9 levels left

rFire   . . .        a - +2 dagger of the Threshing Pariah {heavy, Will+}
rCold   . . .        (no shield)
rNeg    . . .        p - +0 robe
rPois   .            (no helmet)
rElec   .            d - scarf {shadows}
rCorr   .            (no gloves)
SInv    .            (no boots)
Will    +....        (no amulet)
Stlth   +            j - +6 ring of strength
HPRegen 0.25/turn    (no ring)
MPRegen 0.12/turn

%: no passive effects
@: lethally poisoned (0 -> -2), glowing
A: sense surroundings 1, otherworldly, glowing, explore regen
a: no special abilities


You were on level 4 of the Dungeon.
You visited 1 branch of the dungeon, and saw 4 of its levels.

You collected 95 gold pieces.

Inventory:

Hand Weapons
 a - the +2 dagger of the Threshing Pariah (weapon) {heavy, Will+}
   (You found it on level 2 of the Dungeon)

   Will:      It increases your willpower.
 b - a +1 dagger of electrocution
 i - a +1 short sword of draining
 k - a +0 dagger of electrocution
Missiles
 s - 6 curare-tipped darts
Armour
 d - a scarf of shadows (worn)
 p - a +0 robe (worn)
 u - a +0 helmet
Jewellery
 j - a +6 ring of strength (left hand)
 v - a ring of poison resistance
 x - a ring of resist corrosion
Scrolls
 e - a scroll of summoning
 g - a scroll of magic mapping {unknown}
 l - a scroll of immolation {unknown}
 m - 6 scrolls of identify {unknown}
 o - a scroll of teleportation {unknown}
 q - a scroll of silence {unknown}
 t - a scroll of fog {unknown}
 w - a scroll of enchant armour {unknown}
 y - a scroll of noise {unknown}
Potions
 c - 2 potions of mutation {unknown}
 f - a potion of attraction {unknown}
 h - a potion of brilliance {unknown}
 n - a potion of degeneration {unknown}
 r - a potion of heal wounds {unknown}
 z - a potion of ambrosia {unknown}


   Skills:
 - Level 2.4 Dodging
 - Level 1.4 Stealth
 + Level 3.4 Spellcasting
 * Level 3.0 Conjurations
 * Level 4.7 Air Magic


You had 3 spell levels left.
You knew the following spells:

 Your Spells              Type           Power      Damage    Failure   Level
a - Shock                 Conj/Air       68%        1d7       3%          1
b - Static Discharge      Conj/Air       34%        2-4/arc   4%          2
c - Swiftness             Air            20%        N/A       7%          3

Your spell library contained the following spells:

 Spells                   Type           Power      Damage    Failure   Level
 Sandblast                Erth           6%         2d5       16%         1
 Slow                     Hex            12%        N/A       16%         1
 Airstrike                Air            10%        2d(2-18)  22%         4


Dungeon Overview and Level Annotations

Branches:
Dungeon (4/15) Zot: 1047
 Temple: D:4-7

Altars:

Shops:
D:2 *

Annotations:
D:3 Grinder


Innate Abilities, Weirdness & Mutations

You passively map a small area around you.
You are easily found by Zot.
You glow in the dark.
You regain HP and MP as you explore.


Message History

A centaur comes into view. It is wielding a +0 rapier.
The adder bites you.
Found 3 stones.
The centaur unwields a +0 rapier.
The centaur wields a +0 shortbow.
The centaur shoots an arrow.
The arrow barely misses you. The adder bites you.
You are poisoned.
The adder poisons you!
You hear a shout!
Found 13 gold pieces.
You feel sick.
The centaur shoots an arrow.
The arrow hits you. The adder barely misses you.
The centaur shoots an arrow.
The arrow hits you!
* * * LOW HITPOINT WARNING * * *
The adder barely misses you.
You hear a shout!
Casting: Static Discharge (safe; 4% risk of failure)
Confirm with . or Enter, or press ? or * to list all spells.
The adder is struck by an arc of lightning.
The adder is lightly wounded.
You are struck by an arc of lightning.
* * * LOW HITPOINT WARNING * * *
The adder is struck by an arc of lightning.
The adder is severely wounded.
You are struck by an arc of lightning.
* * * LOW HITPOINT WARNING * * *
The lightning grounds out.
You feel sick.
You hear an angry hiss.
The adder misses you.
A kobold comes into view. It is wielding a +0 short sword.
Unknown command.
Unknown command.
Casting: Static Discharge (safe; 4% risk of failure)
Confirm with . or Enter, or press ? or * to list all spells.
The adder is struck by an arc of lightning.
The adder is almost dead.
You are struck by an arc of lightning.
* * * LOW HITPOINT WARNING * * *
The lightning grounds out.
* * * LOW HITPOINT WARNING * * *
You feel sick.
The centaur shoots an arrow.
The arrow hits you.
You die...

..##....#.............
...................... ,
.##.#...####.##.......
.........)...##.......,
, *
.....#####............
....., , #.........# ,
..... #.........# ,,, ,
....,...........S..#
>.###...........@..#*,
..................c...K
........#.............$
.............#.........,
,
........#....#.#.#.....,
........#... #.#..(....*
.###....# #.###.....
.#<#....# * .#.#....#, *


You could see a centaur, an adder and a kobold.

Vanquished Creatures
  Robin (D:3)
  A worm (D:4)
  An orc (D:3)
  7 ball pythons
  2 bats
  5 endoplasms
  2 giant cockroaches (D:1)
  13 goblins
  5 hobgoblins
  A quokka (D:2)
  4 frilled lizards
  5 kobolds
  A rat (D:3)
48 creatures vanquished.

Notes
Turn   | Place    | Note
-------+----------+-------------------------------------------
     0 | D:1      | lunkers the Meteoran Air Elementalist began the quest for
                  | the Orb.
     0 | D:1      | Reached XP level 1. HP: 14/14 MP: 5/5
   126 | D:1      | Reached XP level 2. HP: 20/20 MP: 4/6
   284 | D:1      | Reached skill level 4 in Air Magic
   431 | D:1      | Reached XP level 3. HP: 26/26 MP: 5/8
   500 | D:1      | Glimpsed the power of Zot.
   550 | D:1      | Glimpsed the power of Zot.
   589 | D:2      | Found Nattoong's General Store.
   733 | D:2      | Identified the +2 dagger of the Threshing Pariah {heavy,
                  | Will+}
   998 | D:2      | Learned a level 2 spell: Static Discharge
  1037 | D:3      | Noticed Robin
  1044 | D:3      | Killed Robin
  1045 | D:3      | Reached XP level 4. HP: 23/33 MP: 2/9
  1135 | D:3      | Learned a level 3 spell: Swiftness
  1208 | D:3      | Got Yjonkong's Initiation into the Histories of Mysteries
  1230 | D:3      | Noticed Grinder
  1350 | D:4      | Noticed a centaur
  1355 | D:4      | HP: 1/33 [poisoned by an adder]
  1355 | D:4      | Shot with an arrow by a centaur

Illustrated notes

Levels and vault maps discovered:
D:1:      dpeg_arrival_ternary, layout_loops_corners
D:2:      layout_loops_corners, serial_shops, shop, minmay_pentomino_t4
D:3:      layout_rooms, kennysheep_minor_cross, uniq_sigmund, uniq_robin,
          uniq_grinder
D:4:      layout_basic, nemelex_diamond_rough_becter

Skill      XL: |  1  2  3  4 |
---------------+-------------+-----
Air Magic      | 4 |  4.7
Conjurations   | 2 3 |  3.0
Spellcasting   | 3 |  3.4
Dodging        | |  2.4
Stealth        | |  1.4

Action                     |  1- 3 |  4- 6 || total
---------------------------+-------+-------++-------
  Melee: Unarmed           |     7 |       ||     7
         Dagger            |    12 |     4 ||    16
   Cast: Shock             |    65 |     5 ||    70
         Static Discharge  |       |    20 ||    20
    Use: Potion            |       |     1 ||     1
 Armour: Robe              |    10 |     9 ||    19
  Dodge: Dodged            |    20 |    28 ||    48

Table legend: (Time is in decaauts)
 A = Elapsed time spent in this place.
 B = Non-inter-level travel time spent in this place.
 C = Inter-level travel time spent in this place.
 D = Time resting spent in this place.
 E = Time spent auto-exploring this place.
 F = Levels seen in this place.
 G = Mean time per level.
                   A        B        C        D        E       F      G
               +--------+--------+--------+--------+--------+-----+--------+
         Total |   1351 |   1271 |     80 |      0 |    895 |   4 |  337.8 |
       Dungeon |   1351 |   1271 |     80 |      0 |    895 |   4 |  337.8 |
               +--------+--------+--------+--------+--------+-----+--------+

Top non-repeatable levels by time:
     D:1: 588 daAuts
     D:2: 449 daAuts
     D:3: 240 daAuts
     D:4: 73 daAuts
